| TOP OF THE 1ST |
|
Wichita Aeros batting - Pitching for Evansville Triplets : RHP Randy Pitts
|
|
Pitching: RHP Randy Pitts
|
|
|
Batting: SHB Gary Pettis
|
0-0: SINGLE (Line Drive, 34, EV 97.5 MPH)
|
|
Batting: RHB Greg Cypret
|
0-0: Ball 1-0: SINGLE (Line Drive, 8LS, EV 95.0 MPH) Gary Pettis to second Runner from 2nd tries for 3rd, SAFE, throw by CF made to third
|
|
Batting: LHB Michael Barnes
|
0-0: Grounds into double play, 4-6-3 (Groundball, 4, EV 85.6 MPH) Gary Pettis scores
|
|
Batting: RHB Bill Schroeder
|
0-0: Ball 1-0: Ball 2-0: Ground out U3 (Groundball, 13, EV 85.6 MPH)
|
| Top of the 1st over - 1 run, 2 hits, 0 errors, 0 left on base; Wichita 1 - Evansville 0 |
| BOTTOM OF THE 1ST |
|
Evansville Triplets batting - Pitching for Wichita Aeros : LHP Darrell Jackson
|
|
Pitching: LHP Darrell Jackson
|
|
|
Batting: LHB Greg Gross
|
0-0: Foul Ball, location: 2F 0-1: Foul Ball, location: 2F 0-2: Ball 1-2: Foul Ball, location: 2F 1-2: Foul Ball, location: 2F 1-2: Ground out 6-3 (Groundball, 6M, EV 98.1 MPH)
|
|
Batting: RHB Cory Mihalic
|
0-0: Called Strike 0-1: Foul Ball, location: 2F 0-2: Ball 1-2: Ball 2-2: Ground out 3-1 (Groundball, 34, EV 107.5 MPH)
|
|
Batting: RHB Richard Bass
|
0-0: Foul Ball, location: 2F 0-1: Called Strike 0-2: Ball 1-2: Fly out, F8 (Flyball, 89D, EV 96.9 MPH)
|
| Bottom of the 1st over - 0 runs, 0 hits, 0 errors, 0 left on base; Wichita 1 - Evansville 0 |
| TOP OF THE 2ND |
|
Wichita Aeros batting - Pitching for Evansville Triplets : RHP Randy Pitts
|
|
Batting: LHB Glenn Gulliver
|
0-0: Ball 1-0: Called Strike 1-1: Ball 2-1: Ball 3-1: Base on Balls
|
|
Batting: RHB Dave Hoenstine
|
0-0: Foul Ball, location: 2F 0-1: Foul Ball, location: 2F 0-2: Strikes out swinging
|
|
Batting: RHB Gary House
|
0-0: Foul Ball, location: 2F 0-1: Foul Ball, location: 2F 0-2: Ball 1-2: Ball 2-2: Strikes out looking
|
|
Batting: LHB James Pellack
|
0-0: Fly out, F7 (Flyball, 78M, EV 83.1 MPH)
|
| Top of the 2nd over - 0 runs, 0 hits, 0 errors, 1 left on base; Wichita 1 - Evansville 0 |
| BOTTOM OF THE 2ND |
|
Evansville Triplets batting - Pitching for Wichita Aeros : LHP Darrell Jackson
|
|
Batting: RHB Ron Kittle
|
0-0: SINGLE (Groundball, 6MD, EV 96.3 MPH)
|
|
Batting: SHB Mickey Tettleton
|
0-0: Ball 1-0: Ball 2-0: SINGLE (Groundball, 4D, EV 104.4 MPH) Ron Kittle to second Runner from 2nd tries for 3rd, SAFE, no throw by RF
|
|
Batting: RHB Mike Allen
|
0-0: Fly out, F8 (Flyball, 8LD, EV 101.9 MPH) Runner from 3rd tags up, SCORES, throw by CF
|
|
Batting: LHB Luis Alfaro
|
0-0: Ball 1-0: Foul Ball, location: 2F 1-1: Foul Ball, location: 2F 1-2: Foul Ball, location: 2F 1-2: Grounds into double play, 4-6-3 (Groundball, 34, EV 109.4 MPH)
|
| Bottom of the 2nd over - 1 run, 2 hits, 0 errors, 0 left on base; Wichita 1 - Evansville 1 |
| TOP OF THE 3RD |
|
Wichita Aeros batting - Pitching for Evansville Triplets : RHP Randy Pitts
|
|
Batting: RHB Victor Mabee
|
0-0: Ball 1-0: Called Strike 1-1: Ball 2-1: Foul Ball, location: 2F 2-2: Ball 3-2: Strikes out swinging
|
|
Batting: SHB Gary Pettis
|
0-0: Called Strike 0-1: Ball 1-1: Called Strike 1-2: Foul Ball, location: 2F 1-2: Ball 2-2: Foul Ball, location: 2F 2-2: Foul Ball, location: 2F 2-2: Fly out, F7 (Line Drive, 7, EV 94.4 MPH)
|
|
Batting: RHB Greg Cypret
|
0-0: Foul Ball, location: 2F 0-1: Fly out, F5 (Popup, 15, EV 76.9 MPH)
|
| Top of the 3rd over - 0 runs, 0 hits, 0 errors, 0 left on base; Wichita 1 - Evansville 1 |
| BOTTOM OF THE 3RD |
|
Evansville Triplets batting - Pitching for Wichita Aeros : LHP Darrell Jackson
|
|
Batting: RHB Jaden Smith
|
0-0: Ball 1-0: SINGLE (Flyball, 8RS, EV 90.0 MPH)
|
|
Batting: RHB Ed Jurak
|
0-0: Called Strike 0-1: Swinging Strike 0-2: Ball 1-2: Foul Ball, location: 2F 1-2: Ground out 6-3 (Groundball, P, EV 90.0 MPH) Jaden Smith to second
|
|
Batting: LHB Greg Gross
|
0-0: Called Strike 0-1: Fly out, F7 (Flyball, 78D, EV 100.0 MPH) Runner from 2nd tags up, SAFE at 3rd with throw by LF
|
|
Batting: RHB Cory Mihalic
|
0-0: DOUBLE (Flyball, 78XD, EV 109.4 MPH) Jaden Smith scores
|
|
Batting: RHB Richard Bass
|
0-0: Ball 1-0: Called Strike 1-1: Ball 2-1: Ball 3-1: Base on Balls
|
|
Batting: RHB Ron Kittle
|
0-0: Ball 1-0: Fly out, F8 (Flyball, 89D, EV 105.0 MPH)
|
| Bottom of the 3rd over - 1 run, 2 hits, 0 errors, 2 left on base; Wichita 1 - Evansville 2 |
| TOP OF THE 4TH |
|
Wichita Aeros batting - Pitching for Evansville Triplets : RHP Randy Pitts
|
|
Pitching: RHP Victor Bernal
|
|
|
Batting: LHB Michael Barnes
|
0-0: Foul Ball, location: 2F 0-1: Ball 1-1: Ground out 4-3 (Groundball, 4, EV 80.0 MPH)
|
|
Batting: RHB Bill Schroeder
|
0-0: Ball 1-0: Ball 2-0: Called Strike 2-1: Ground out 6-3 (Groundball, 6S, EV 84.4 MPH)
|
|
Batting: LHB Glenn Gulliver
|
0-0: Called Strike 0-1: Foul Ball, location: 2F 0-2: Ball 1-2: Ball 2-2: Ball 3-2: Base on Balls
|
|
Batting: RHB Dave Hoenstine
|
0-0: Called Strike 0-1: Foul Ball, location: 2F 0-2: Ball 1-2: Ball 2-2: Foul Ball, location: 2F 2-2: Ball 3-2: SINGLE (Line Drive, 89S, EV 106.3 MPH) Glenn Gulliver to second Glenn Gulliver to third
|
|
Batting: RHB Gary House
|
0-0: Ball 1-0: Ball 2-0: Ball 3-0: Called Strike 3-1: Called Strike 3-2: SINGLE (Line Drive, 56D, EV 105.6 MPH) Glenn Gulliver scores Dave Hoenstine to second Dave Hoenstine to third
|
|
Batting: LHB James Pellack
|
0-0: SINGLE (Groundball, 6MD, EV 104.4 MPH) Dave Hoenstine scores Gary House to second Runner from 2nd tries for 3rd, SAFE, no throw by CF
|
|
Batting: RHB Victor Mabee
|
0-0: Called Strike 0-1: Swinging Strike 0-2: Ball 1-2: Strikes out swinging
|
| Top of the 4th over - 2 runs, 3 hits, 0 errors, 2 left on base; Wichita 3 - Evansville 2 |
| BOTTOM OF THE 4TH |
|
Evansville Triplets batting - Pitching for Wichita Aeros : LHP Darrell Jackson
|
|
Batting: SHB Mickey Tettleton
|
0-0: Foul Ball, location: 2F 0-1: Swinging Strike 0-2: Ball 1-2: Foul Ball, location: 2F 1-2: Ball 2-2: Ground out 6-3 (Groundball, 56, EV 108.8 MPH)
|
|
Batting: RHB Mike Allen
|
0-0: Ball 1-0: Ball 2-0: Called Strike 2-1: Ball 3-1: SINGLE (Line Drive, 5D, EV 95.6 MPH)
|
|
Batting: LHB Luis Alfaro
|
0-0: Ball 1-0: Foul Ball, location: 2F 1-1: Called Strike 1-2: Ball 2-2: Strikes out swinging
|
|
Batting: RHB Jaden Smith
|
0-0: Called Strike 0-1: Ball 1-1: Called Strike 1-2: Fly out, F9 (Flyball, 9LM, EV 98.8 MPH)
|
| Bottom of the 4th over - 0 runs, 1 hit, 0 errors, 1 left on base; Wichita 3 - Evansville 2 |
| TOP OF THE 5TH |
|
Wichita Aeros batting - Pitching for Evansville Triplets : RHP Victor Bernal
|
|
Batting: SHB Gary Pettis
|
0-0: Ball 1-0: Called Strike 1-1: SINGLE (Line Drive, 78M, EV 99.4 MPH)
|
|
Batting: RHB Greg Cypret
|
0-0: Ball 1-0: Bunted foul 1-1: Ball 2-1: Called Strike 2-2: Foul Ball, location: 2F 2-2: Ball 3-2: Foul Ball, location: 2F 3-2: Foul Ball, location: 2F 3-2: Fly out, F9 (Flyball, 9, EV 78.1 MPH)
|
|
Pitching: RHP Tom Henke
|
|
|
Batting: LHB Michael Barnes
|
0-0: Ball 1-0: SINGLE (Groundball, 34, EV 79.4 MPH) (infield hit) Gary Pettis to second
|
|
Batting: RHB Bill Schroeder
|
0-0: Fly out, F9 (Line Drive, 9, EV 96.3 MPH)
|
|
Batting: LHB Glenn Gulliver
|
0-0: Ball Gary Pettis is caught stealing 3rd base 2-5
|
| Top of the 5th over - 0 runs, 2 hits, 0 errors, 1 left on base; Wichita 3 - Evansville 2 |
| BOTTOM OF THE 5TH |
|
Evansville Triplets batting - Pitching for Wichita Aeros : LHP Darrell Jackson
|
|
Batting: RHB Ed Jurak
|
0-0: Called Strike 0-1: Ball 1-1: Called Strike 1-2: Ball 2-2: Foul Ball, location: 2F 2-2: Reached via error on a dropped throw from 3B, E3 (Groundball, 56, EV 111.3 MPH)
|
|
Batting: LHB Greg Gross
|
0-0: Ball Ed Jurak steals 2nd base 1-0: Ball 2-0: Ball 3-0: Called Strike 3-1: Fly out, F8 (Line Drive, 8RM, EV 104.4 MPH)
|
|
Batting: RHB Cory Mihalic
|
0-0: Called Strike 0-1: Ball 1-1: Fly out, F5 (Popup, 5S, EV 89.4 MPH)
|
|
Batting: RHB Richard Bass
|
0-0: Swinging Strike 0-1: Swinging Strike 0-2: Ball 1-2: Ball 2-2: Strikes out swinging
|
| Bottom of the 5th over - 0 runs, 0 hits, 1 error, 1 left on base; Wichita 3 - Evansville 2 |
| TOP OF THE 6TH |
|
Wichita Aeros batting - Pitching for Evansville Triplets : RHP Tom Henke
|
|
Batting: LHB Glenn Gulliver
|
0-0: Called Strike 0-1: Ball 1-1: Ball 2-1: Foul Ball, location: 2F 2-2: Ball 3-2: Foul Ball, location: 2F 3-2: Base on Balls
|
|
Batting: RHB Dave Hoenstine
|
0-0: Bunt missed! 0-1: Bunt missed! 0-2: Ball 1-2: Ball 2-2: Grounds into double play, 4-6-3 (Groundball, 4, EV 81.9 MPH)
|
|
Batting: RHB Gary House
|
0-0: Ball 1-0: Ball 2-0: Fly out, F7 (Flyball, 7LM, EV 93.8 MPH)
|
| Top of the 6th over - 0 runs, 0 hits, 0 errors, 0 left on base; Wichita 3 - Evansville 2 |
| BOTTOM OF THE 6TH |
|
Evansville Triplets batting - Pitching for Wichita Aeros : LHP Darrell Jackson
|
|
Batting: RHB Ron Kittle
|
0-0: Called Strike 0-1: Ball 1-1: Foul Ball, location: 2F 1-2: Foul Ball, location: 2F 1-2: Ball 2-2: Foul Ball, location: 2F 2-2: Ball 3-2: Strikes out swinging
|
|
Batting: SHB Mickey Tettleton
|
0-0: Ball 1-0: Foul Ball, location: 2F 1-1: Swinging Strike 1-2: Foul Ball, location: 2F 1-2: Foul Ball, location: 2F 1-2: Strikes out looking
|
|
Batting: RHB Mike Allen
|
0-0: Ground out 6-3 (Groundball, 6, EV 105.0 MPH)
|
| Bottom of the 6th over - 0 runs, 0 hits, 0 errors, 0 left on base; Wichita 3 - Evansville 2 |
| TOP OF THE 7TH |
|
Wichita Aeros batting - Pitching for Evansville Triplets : RHP Tom Henke
|
|
Batting: LHB James Pellack
|
0-0: Called Strike 0-1: Ball 1-1: Ball 2-1: Fly out, F6 (Popup, 6, EV 71.9 MPH)
|
|
Batting: RHB Victor Mabee
|
0-0: Ball 1-0: Ball 2-0: Ball 3-0: Called Strike 3-1: Ground out 6-3 (Groundball, 6, EV 85.6 MPH)
|
|
Batting: SHB Gary Pettis
|
0-0: Ball 1-0: SINGLE (Line Drive, 6D, EV 93.8 MPH)
|
|
Pitching: RHP Gordie Pladson
|
|
|
Batting: RHB Greg Cypret
|
0-0: Ball 1-0: Ball 2-0: Called Strike 2-1: Fly out, F8 (Flyball, 8RD, EV 97.5 MPH)
|
| Top of the 7th over - 0 runs, 1 hit, 0 errors, 1 left on base; Wichita 3 - Evansville 2 |
| BOTTOM OF THE 7TH |
|
Evansville Triplets batting - Pitching for Wichita Aeros : LHP Darrell Jackson
|
|
Batting: LHB Luis Alfaro
|
0-0: Foul Ball, location: 2F 0-1: Ball 1-1: Foul Ball, location: 2F 1-2: Ball 2-2: SINGLE (Groundball, 6M, EV 83.8 MPH) (infield hit)
|
|
Batting: RHB Jaden Smith
|
0-0: Called Strike 0-1: Ball 1-1: Ball 2-1: Called Strike 2-2: Foul Ball, location: 2F 2-2: Ball 3-2: 2-RUN HOME RUN (Flyball, 7LD, EV 97.5 MPH), Distance : 371 ft
|
|
Batting: RHB Ed Jurak
|
0-0: Foul Ball, location: 2F 0-1: Swinging Strike 0-2: Strikes out looking
|
|
Batting: LHB Greg Gross
|
0-0: Called Strike 0-1: Foul Ball, location: 2F 0-2: Ball 1-2: Ball 2-2: Ball 3-2: Foul Ball, location: 2F 3-2: Ground out U3 (Groundball, 34, EV 104.4 MPH)
|
|
Batting: RHB Cory Mihalic
|
0-0: Ball 1-0: SINGLE (Line Drive, 4D, EV 106.9 MPH)
|
|
Batting: RHB Richard Bass
|
0-0: Ball 1-0: Ball 2-0: Called Strike 2-1: Ball 3-1: Ground out 4-3 (Groundball, 4, EV 84.4 MPH)
|
| Bottom of the 7th over - 2 runs, 3 hits, 0 errors, 1 left on base; Wichita 3 - Evansville 4 |
| TOP OF THE 8TH |
|
Wichita Aeros batting - Pitching for Evansville Triplets : RHP Gordie Pladson
|
|
Pitching: LHP Randy Niemann
|
|
|
Batting: LHB Michael Barnes
|
0-0: Ball 1-0: Called Strike 1-1: Swinging Strike 1-2: Foul Ball, location: 2F 1-2: Ball 2-2: Foul Ball, location: 2F 2-2: Foul Ball, location: 2F 2-2: Strikes out swinging
|
|
Batting: RHB Bill Schroeder
|
0-0: Ground out 6-3 (Groundball, 56, EV 110.0 MPH)
|
|
Batting: LHB Glenn Gulliver
|
0-0: Foul Ball, location: 2F 0-1: Ball 1-1: Foul Ball, location: 2F 1-2: Ball 2-2: Ball 3-2: Fly out, F9 (Flyball, 9, EV 90.6 MPH)
|
| Top of the 8th over - 0 runs, 0 hits, 0 errors, 0 left on base; Wichita 3 - Evansville 4 |
| BOTTOM OF THE 8TH |
|
Evansville Triplets batting - Pitching for Wichita Aeros : LHP Darrell Jackson
|
|
Batting: RHB Ron Kittle
|
0-0: Ball 1-0: Ball 2-0: Called Strike 2-1: Called Strike 2-2: Fly out, F8 (Flyball, 8RM, EV 91.3 MPH)
|
|
Batting: SHB Mickey Tettleton
|
0-0: Called Strike 0-1: Foul Ball, location: 2F 0-2: Ground out 2-3 (Groundball, 2R, EV 73.8 MPH)
|
|
Batting: RHB Mike Allen
|
0-0: Ground out 5-3 (Groundball, 56S, EV 86.3 MPH)
|
| Bottom of the 8th over - 0 runs, 0 hits, 0 errors, 0 left on base; Wichita 3 - Evansville 4 |
| TOP OF THE 9TH |
|
Wichita Aeros batting - Pitching for Evansville Triplets : LHP Randy Niemann
|
|
Batting: RHB Dave Hoenstine
|
0-0: Called Strike 0-1: Foul Ball, location: 2F 0-2: Ball 1-2: Ball 2-2: Ground out U3 (Groundball, 3, EV 92.5 MPH)
|
|
Batting: RHB Gary House
|
0-0: Foul Ball, location: 2F 0-1: Swinging Strike 0-2: Ball 1-2: Ball 2-2: Strikes out swinging
|
|
Pinch Hitting: RHB Jesse Barfield
|
0-0: Called Strike 0-1: DOUBLE (Line Drive, 5D, EV 105.6 MPH)
|
|
Batting: RHB Victor Mabee
|
0-0: Called Strike 0-1: Called Strike 0-2: Foul Ball, location: 2F 0-2: Strikes out swinging
|
| Top of the 9th over - 0 runs, 1 hit, 0 errors, 1 left on base; Wichita 3 - Evansville 4 |
|